 Dungeon Crawl Stone Soup version 0.30-a0-394-g3e4acdb0ae (webtiles) character file.

Game seed: 10745141191372260882

18467 Sabo the Cleaver (level 12, 0/118 HPs)
             Began as a Gargoyle Berserker on Dec 6, 2022.
             Was a High Priest of Trog.
             Slain by a 16-headed hydra (1 damage)
             ... on level 3 of the Lair of Beasts.
             The game lasted 01:04:49 (10794 turns).

Sabo the Cleaver (Gargoyle Berserker)              Turns: 10794, Time: 01:04:51

Health: 0/118      AC: 33    Str: 26    XL:     12   Next: 58%
Magic:  21/21      EV: 12    Int:  8    God:    Trog [*****.]
Gold:   591        SH:  0    Dex:  9    Spells: 11/11 levels left

rFire   . . .      SeeInvis .    G - +5 halberd
rCold   . . .      Faith    .    (shield currently unavailable)
rNeg    + + .      Spirit   .    a - +6 scale mail of Transparent Music {Regen+ MP+9}
rPois   ∞          Reflect  .    p - +0 helmet
rElec   +          Harm     .    (no cloak)
rCorr   .          Rampage  .    D - +2 pair of gloves
Will    .....                    d - +0 pair of boots
Stlth   ..........               s - amulet of regeneration
HPRegen 1.99/turn                y - +4 ring of protection
MPRegen 0.17/turn                E - ring of positive energy

@: berserking (expiring), studying Dodging, very quick
A: sickness immunity, AC +8, negative energy resistance 1, electricity
resistance, torment resistance 1, petrification resistance
a: Renounce Religion, Berserk, Trog's Hand, Brothers in Arms


You were on level 3 of the Lair of Beasts.
You worshipped Trog.
Trog was extremely pleased with you.
You visited 2 branches of the dungeon, and saw 12 of its levels.

You collected 615 gold pieces.
You spent 24 gold pieces at shops.

Inventory:

Hand Weapons
 f - a +1 hand axe of draining
 q - a +2 halberd of flaming
 w - a +2 executioner's axe
 x - a +0 arbalest
 G - a +5 halberd (weapon)
Missiles
 v - 40 poisoned darts (quivered)
 C - 6 silver javelins
Armour
 a - the +6 scale mail of Transparent Music (worn) {Regen+ MP+9}
   (You acquired it on level 8 of the Dungeon)

   MP:        It affects your magic capacity (+9).
   Regen:     It increases your rate of health regeneration.
 d - a +0 pair of boots (worn)
 p - a +0 helmet (worn)
 D - a +2 pair of gloves (worn)
Jewellery
 l - a ring of protection from fire
 s - an amulet of regeneration (around neck)
 y - a +4 ring of protection (left hand)
 B - a ring of magical power
 E - a ring of positive energy (right hand)
Wands
 j - a wand of flame (6)
 H - a wand of mindburst (11)
 I - a wand of polymorph (7)
Scrolls
 b - 3 scrolls of magic mapping
 c - 2 scrolls of silence
 i - 11 scrolls of teleportation
 n - 2 scrolls of poison
 o - 3 scrolls of fear
 u - 3 scrolls of butterflies
 F - 3 scrolls of blinking
Potions
 e - 2 potions of mutation {unknown}
 g - 3 potions of heal wounds {unknown}
 h - 8 potions of curing
 k - a potion of ambrosia {unknown}
 m - 4 potions of flight
 r - 2 potions of brilliance {unknown}
 t - a potion of berserk rage {unknown}
 z - a potion of resistance {unknown}
 A - 3 potions of degeneration {unknown}
 J - a potion of magic {unknown}
Miscellaneous
 K - a piece from Xom's chessboard (15/15)


   Skills:
 + Level 10.8 Fighting
 + Level 11.3(12.4) Axes
 + Level 8.4(11.1) Polearms
 + Level 9.4 Armour
 + Level 6.9 Dodging
 + Level 2.3 Stealth


You had 11 spell levels left.
You didn't know any spells.
Your spell library was empty.

Dungeon Overview and Level Annotations

Branches:
Dungeon (9/15)             Temple (0/1) D:4            Lair (3/5) D:9
  Snake (0/4) Lair:3
  Swamp: Lair:2-3    Shoals: Lair:2-3       Orc: D:9-12

Altars:
Ashenzari
Dithmenos
Kikubaaqudgha
Nemelex Xobeh
Sif Muna

Shops:
D:3 ?

Annotations:
Lair:3 Nessos


Innate Abilities, Weirdness & Mutations

You are immune to sickness and miasma.
Your stone body is resilient. (AC +8)
You are immune to poison.
You resist negative energy. (rN+)
You are resistant to electric shocks. (rElec)
You are resistant to unholy torment.
You are immune to petrification.


Message History

You chop one of the 13-headed hydra's heads off!
The 12-headed hydra grows two more!
You slash the 14-headed hydra!
The 14-headed hydra is lightly wounded.
Nessos shoots an arrow.
The arrow closely misses you.
You slice one of the 14-headed hydra's heads off!
The 13-headed hydra grows two more!
You impale the 15-headed hydra!!
The 15-headed hydra is heavily wounded.
The cane toad stings you but does no damage.
Nessos shoots an arrow.
The arrow closely misses you.
The 15-headed hydra bites you but does no damage.
The 15-headed hydra bites you!
* * * LOW HITPOINT WARNING * * *
The 15-headed hydra bites you.
* * * LOW HITPOINT WARNING * * *
The 15-headed hydra bites you but does no damage.
The 15-headed hydra bites you.
* * * LOW HITPOINT WARNING * * *
The 15-headed hydra bites you but does no damage. x2
The 15-headed hydra misses you.
The 15-headed hydra bites you but does no damage. x3
The 15-headed hydra misses you.
The 15-headed hydra completely misses you.
The 15-headed hydra bites you.
* * * LOW HITPOINT WARNING * * *
The 15-headed hydra bites you.
* * * LOW HITPOINT WARNING * * *
You lop one of the 15-headed hydra's heads off!
The 14-headed hydra grows two more!
You puncture the 16-headed hydra!
The 16-headed hydra is heavily wounded.
Nessos casts a spell.
Nessos blinks!
The cane toad completely misses you.
Nessos shoots an arrow.
The arrow hits you but does no damage. The 16-headed hydra bites you.
* * * LOW HITPOINT WARNING * * *
The 16-headed hydra bites you but does no damage.
The 16-headed hydra misses you.
The 16-headed hydra bites you but does no damage.
The 16-headed hydra barely misses you. The 16-headed hydra misses you.
The 16-headed hydra bites you but does no damage.
The 16-headed hydra bites you.
You die...

#.##########
P.##.#.P#P.###### ##
.........§..§§.(# #P###
......§§≈§≈≈§§≈.###.....
......§≈#≈#≈§§§c........
......≈##≈#§§§§.........
......≈§§≈§≈§§§.P.#....
...................#..#
................@F....#
................D.......
........................
...................§....
....................$...
........................
...#.........#..?.##....
..............#...# ....
........


You could see Nessos (fast), a 16-headed hydra and a cane toad.

Vanquished Creatures
  A hydra (Lair:3)
  2 two-headed ogres (D:8)
  A guardian serpent (Lair:3)
  2 black mambas
  6 cane toads
  Maggie (D:6)
  2 rime drakes
  6 komodo dragons
  A polar bear (Lair:1)
  9 blink frogs
  Grinder (D:3)
  6 dream sheep (Lair:3)
  3 wyverns
  9 yaks
  A basilisk (Lair:3)
  2 steam dragons (D:9)
  7 water moccasins
  2 orc warriors
  A sky beast (D:6)
  10 ice beasts
  2 black bears
  3 ogres
  6 wolves
  A phantom (D:7)
  4 kobold brigands
  5 bullfrogs
  2 necrophages
  A gnoll sergeant (D:7)
  7 scorpions
  9 wights (D:7)
  13 killer bees
  8 howler monkeys
  An electric eel (Lair:1)
  A lava snake (Lair:3)
  3 orc priests
  3 gnoll boudas
  3 hounds
  4 jellies
  4 iguanas
  4 orc wizards
  Robin (D:2)
  8 adders
  18 gnolls
  A shadow imp (D:7)
  2 white imps
  4 worms
  4 dart slugs
  22 orcs
  4 ball pythons
  4 bats
  3 endoplasms
  18 goblins
  8 hobgoblins
  19 kobolds
  3 quokkas
  5 frilled lizards
  5 rats
286 creatures vanquished.

Vanquished Creatures (others)
  An orc wizard (D:9)
  8 fungi
  7 plants
16 creatures vanquished.

Grand Total: 302 creatures vanquished

Notes
Turn   | Place    | Note
-------+----------+-------------------------------------------
     0 | D:1      | Sabo the Gargoyle Berserker began the quest for the Orb.
     0 | D:1      | Reached XP level 1. HP: 14/14 MP: 1/1
   246 | D:1      | Reached XP level 2. HP: 16/19 MP: 2/2
   288 | D:1      | Reached skill level 3 in Axes
   645 | D:2      | Reached XP level 3. HP: 22/24 MP: 3/3
   694 | D:2      | Noticed Robin
   704 | D:2      | Reached ** piety under Trog
   709 | D:2      | Killed Robin
   710 | D:2      | Reached XP level 4. HP: 29/29 MP: 4/4
   786 | D:2      | Found an ancient bone altar of Kikubaaqudgha.
  1006 | D:2      | Found a faded altar of an unknown god.
  1356 | D:3      | Found Piusta Buydy's Magic Scroll Emporium.
  1399 | D:3      | Bought a scroll of identify for 24 gold pieces
  1447 | D:3      | Noticed Grinder
  1449 | D:3      | Paralysed by Grinder for 3 turns
  1486 | D:3      | Paralysed by something for 2 turns
  1499 | D:3      | Paralysed by Grinder for 3 turns
  1502 | D:3      | Killed Grinder
  1503 | D:3      | Reached skill level 4 in Axes
  1503 | D:3      | Reached XP level 5. HP: 23/34 MP: 5/5
  1503 | D:3      | Reached XP level 6. HP: 27/39 MP: 6/6
  1605 | D:3      | Noticed a black bear
  1615 | D:3      | Killed a black bear
  1616 | D:3      | Reached skill level 5 in Axes
  1743 | D:3      | Found a shadowy altar of Dithmenos.
  1752 | D:3      | Found an ancient bone altar of Kikubaaqudgha.
  1757 | D:3      | Found a shimmering blue altar of Sif Muna.
  2094 | D:3      | Reached XP level 7. HP: 44/44 MP: 7/7
  2298 | D:4      | Reached skill level 6 in Axes
  2360 | D:4      | Found a staircase to the Ecumenical Temple.
  2424 | D:4      | Reached skill level 5 in Fighting
  2596 | D:4      | Reached XP level 8. HP: 47/49 MP: 8/8
  2723 | D:4      | Reached skill level 5 in Armour
  2780 | D:4      | Reached skill level 7 in Axes
  3126 | D:5      | Entered Level 5 of the Dungeon
  3615 | D:5      | Reached *** piety under Trog
  4350 | D:5      | Reached skill level 8 in Axes
  4542 | D:5      | Reached skill level 1 in Stealth
  4693 | D:6      | Noticed Maggie
  4702 | D:6      | Reached XP level 9. HP: 55/55 MP: 9/9
  4711 | D:6      | Killed Maggie
  4989 | D:6      | Found a sparkling altar of Nemelex Xobeh.
  5010 | D:6      | Found a broken altar of Ashenzari.
  5128 | D:6      | Reached skill level 9 in Axes
  5753 | D:7      | Reached **** piety under Trog
  5819 | D:7      | Reached skill level 10 in Axes
  5841 | D:7      | Reached XP level 10. HP: 38/63 MP: 10/10
  7009 | D:8      | Noticed a two-headed ogre
  7027 | D:8      | Killed a two-headed ogre
  7028 | D:8      | Reached skill level 11 in Axes
  7254 | D:8      | Noticed a two-headed ogre
  7265 | D:8      | Killed a two-headed ogre
  7498 | D:8      | Identified a scroll of acquirement
  7499 | D:8      | Acquired the +6 scale mail of Transparent Music {Regen+
                  | MP+9}
  7574 | D:8      | Upgraded the game from 0.30-a0-393-g54b8e3be05 to
                  | 0.30-a0-394-g3e4acdb0ae
  7666 | D:9      | Reached skill level 1 in Polearms
  7682 | D:9      | Reached XP level 11. HP: 44/69 MP: 11/11
  8214 | D:9      | Reached ***** piety under Trog
  8342 | D:9      | Found a staircase to the Lair.
  8613 | Lair:1   | Entered Level 1 of the Lair of Beasts
  8636 | Lair:1   | Reached skill level 5 in Dodging
  9156 | Lair:1   | Reached skill level 5 in Polearms
 10225 | Lair:3   | Reached XP level 12. HP: 73/77 MP: 12/12
 10236 | Lair:3   | Reached skill level 10 in Fighting
 10243 | Lair:3   | Noticed a five-headed hydra
 10247 | Lair:3   | Received a gift from Trog
 10261 | Lair:3   | Killed an eight-headed hydra
 10326 | Lair:3   | Found a staircase to the Snake Pit.
 10772 | Lair:3   | Noticed Nessos
 10774 | Lair:3   | Noticed a four-headed hydra
 10793 | Lair:3   | HP: 5/118 [15-headed hydra (5)]
 10793 | Lair:3   | HP: 2/118 [15-headed hydra (2)]
 10794 | Lair:3   | Slain by a 16-headed hydra

Illustrated notes

Levels and vault maps discovered:
D:1:      saegor_arrival_simple_b, layout_rooms
D:2:      layout_rooms, basic_altar, dilly_ecumenical_altar_fadedgnrine,
          kennysheep_generic_room_3, uniq_robin
D:3:      layout_basic, grunt_temple_overflow_diamond, serial_shops,
          nicolae_shop_waterfront, kennysheep_decorative_pillar, uniq_grinder
D:4:      layout_gridville, minmay_temple_entry_mini_moons, minmay_manual_maat
D:5:      layout_basic, chequers_serial_rivers_micro_b, roderic_lattice_a,
          kennysheep_donut, amcnicky_mini_pool_medium
D:6:      layout_rooms, mainiacjoe_overflow_swirl, uniq_maggie
D:7:      layout_basic, eino_jars
D:8:      layout_cave_pools
D:9:      layout_loops_ring, hellmonk_lair_entry_icy
Lair:1:   layout_chaotic_city, grunt_megastairs_3, infiniplex_staircase_pool,
          serial_bayou_shore_b
Lair:2:   layout_small_grid
Lair:3:   layout_gridlike, minmay_shoals_entry_hut,
          minmay_snake_entry_spellcaster, uniq_nessos

Skill      XL: |  1  2  3  4  5  6  7  8  9 10 11 12 |
---------------+-------------------------------------+-----
Axes           | 3 4 5 6 8 10 11 | 11.3
Fighting       | 4 5 6 7 8 9 10 | 10.8
Armour         | 3 4 5 6 8 9 |  9.4
Dodging        | 2 3 6 |  6.9
Stealth        | 1 2 |  2.3
Polearms       | 2 6 8 |  8.4

Action                   |  1- 3 |  4- 6 |  7- 9 | 10-12 || total
-------------------------+-------+-------+-------+-------++-------
Melee: Hand axe          |    66 |   118 |   404 |   160 ||   748
       Punch             |       |       |     4 |     1 ||     5
       Halberd           |       |       |       |   501 ||   501
Invok: Berserk           |     1 |     2 |     4 |     5 ||    12
  Use: Scroll            |     1 |     2 |     4 |    14 ||    21
       Potion            |       |       |     1 |       ||     1
Armor: Ring mail         |     9 |       |       |       ||     9
       Animal skin       |     1 |       |       |       ||     1
       Plate armour      |    42 |    99 |   289 |   120 ||   550
       Scale mail        |       |       |       |   507 ||   507
Dodge: Dodged            |    26 |    35 |   144 |   519 ||   724

Table legend: (Time is in decaauts)
 A = Elapsed time spent in this place.
 B = Non-inter-level travel time spent in this place.
 C = Inter-level travel time spent in this place.
 D = Time resting spent in this place.
 E = Time spent auto-exploring this place.
 F = Levels seen in this place.
 G = Mean time per level.
                   A        B        C        D        E       F      G
               +--------+--------+--------+--------+--------+-----+--------+
         Total |  10845 |  10845 |      0 |   1480 |      0 |  12 |  903.8 |
       Dungeon |   8659 |   8659 |      0 |   1401 |      0 |   9 |  962.1 |
          Lair |   2186 |   2186 |      0 |     78 |      0 |   3 |  728.7 |
               +--------+--------+--------+--------+--------+-----+--------+

Top non-repeatable levels by time:
     D:5: 1529 daAuts
     D:7: 1200 daAuts
     D:9: 1060 daAuts
     D:6: 1047 daAuts
     D:3: 981 daAuts
  Lair:2: 895 daAuts
     D:4: 856 daAuts
     D:2: 806 daAuts
  Lair:1: 707 daAuts
     D:8: 627 daAuts
  Lair:3: 583 daAuts
     D:1: 550 daAuts
